AoeStats
← Topi-Petteri

Arabia

506654660Analyzed
1v1 RM · 18d ago on Sep 14, 2026· 53m 20s· 2 players
Game mode
Random Map
Map size
Tiny (2 player)
Population
200
Speed
Normal
Resources
Standard
Victory
Conquest
Starting age
Dark Age
Ending age
Imperial Age
RankedLock teamsTeams togetherTeam positionsShared explorationLock speedFull tech treeHidden civsTurbo modeCheats
Victory
Defeat
🇫🇮 Persians · Finland
724
+13
🇹🇷 Teutons · Türkiye
659
-13
SexeS
12:25 Feudal Age
16:38 Feudal Age
17:01 Loom
17:26 Man-at-Arms
35:00 Castle Age
33:27 Gold Mining
33:28 Stone Mining
34:24 Padded Archer Armor
34:15 Fletching
34:41 Town Watch
45:32 Horse Collar
45:40 Double-Bit Axe
46:41 Ballistics
46:33 Masonry
52:09 Imperial Age
49:59 Scale Mail Armor
53:24 Chain Mail Armor
Topi-Petteri
17:03 Feudal Age
16:40 Loom
18:31 Man-at-Arms
27:51 Scale Mail Armor
29:08 Wheelbarrow
29:19 Double-Bit Axe
33:00 Castle Age
32:00 Scale Barding Armor
32:05 Forging
33:17 Bloodlines
34:50 Iron Casting
34:00 Light Cavalry
38:32 Gambesons
38:37 Long Swordsman
41:28 Hand Cart
42:18 Town Watch
42:59 Chain Mail Armor
44:54 Bow Saw
48:24 Imperial Age
49:02 Conscription
49:14 Heated Shot
48:59 Hussar
49:41 Husbandry
50:44 Chain Barding Armor
51:25 Blast Furnace
50:57 Plate Mail Armor
52:31 Two-Man Saw
52:46 Plate Barding Armor
Connection lost

Rejoining the realm…

Still unreachable

The connection could not be restored.

Session expired

The server has moved on; the page needs a fresh start.